 Dungeon Crawl Stone Soup version 0.19.5 (webtiles) character file.

5976 miragecloak the Martial Artist (level 10, -3/96 HPs)
             Began as a Naga Transmuter on May 11, 2017.
             Was a High Priest of Cheibriados.
             Slain by a seven-headed hydra (8 damage)
             ... on level 11 of the Dungeon.
             The game lasted 00:16:28 (9529 turns).

miragecloak the Martial Artist (Naga Transmuter)    Turns: 9529, Time: 00:16:29

Health: -3/96      AC:  2    Str: 27    XL:     10   Next: 84%
Magic:  10/13      EV: 21    Int: 27    God:    Cheibriados [*****.]
Gold:   427        SH:  0    Dex: 31    Spells: 4 memorised, 0 levels left

rFire  . . .     SeeInvis +       - Unarmed
rCold  . . .     Gourm    .     (armour currently unavailable)
rNeg   . . .     Faith    .     (shield currently unavailable)
rPois  x         Spirit   .     (helmet currently unavailable)
rElec  .         Reflect  .     (cloak currently unavailable)
rCorr  .         Harm     .     (gloves currently unavailable)
MR     +....                    (no barding)
Stlth  ++........               k - amulet of regeneration
                                v - +3 ring of strength
                                e - +3 ring of intelligence

@: spider-form, very slow
A: see invisible, (deformed body), (poison resistance), (slowness 0), slow
metabolism 1, spit poison 1, AC +3
a: Spit Poison, End Transformation, Bend Time, Temporal Distortion, Slouch, Step
From Time, Renounce Religion


You were on level 11 of the Dungeon.
You worshipped Cheibriados.
Cheibriados was extremely pleased with you.
You were not hungry.
You were a venomous arachnid creature.
You visited 1 branch of the dungeon, and saw 11 of its levels.

You collected 427 gold pieces.

Inventory:

Missiles
 a - 177 arrows
Armour
 u - a +0 robe of magic resistance (melded)
 M - a +0 ring mail
Jewellery
 e - a +3 ring of intelligence (left front leg)
 k - an amulet of regeneration (around neck)
 v - a +3 ring of strength (right front leg)
 z - an uncursed ring of magical power
Wands
 t - a wand of flame (23/48)
 K - a wand of paralysis (13/24)
 P - a wand of lightning (6/15)
Scrolls
 b - 4 scrolls of immolation
 g - a scroll of fog {unknown}
 h - a scroll of fear {unknown}
 j - a scroll of blinking
 m - 5 scrolls of identify
 o - 2 scrolls of random uselessness {unknown}
 q - 2 scrolls of remove curse
 x - a scroll of recharging {unknown}
 y - 2 scrolls of amnesia {unknown}
 C - a scroll of vulnerability {unknown}
 G - a scroll of enchant weapon {unknown}
 H - a scroll of magic mapping {unknown}
 O - 2 scrolls of brand weapon {unknown}
Potions
 f - a potion of flight {unknown}
 i - 5 potions of ambrosia {unknown}
 l - a potion of curing
 n - 2 potions of degeneration {unknown}
 p - a potion of magic {unknown}
 r - 2 potions of lignification {unknown}
 s - 2 potions of heal wounds {unknown}
 w - a potion of resistance {unknown}
 A - 3 potions of brilliance {unknown}
 B - 2 potions of invisibility {unknown}
 J - a potion of might {unknown}
 Q - a potion of cancellation {unknown}
Books
 c - a book of Changes

   Spells                             Type                      Level
   a - Beastly Appendage              Transmutation                1
   b - Sticks to Snakes               Transmutation                2
   c - Spider Form                    Transmutation/Poison         3
   d - Ice Form                       Ice/Transmutation            4
   e - Blade Hands                    Transmutation                5
 I - a book of Minor Magic

   Spells                             Type                      Level
   a - Magic Dart                     Conjuration                  1
   b - Blink                          Translocation                2
   c - Call Imp                       Summoning                    2
   d - Repel Missiles                 Charms/Air                   2
   e - Slow                           Hexes                        2
   f - Conjure Flame                  Conjuration/Fire             3
   g - Mephitic Cloud                 Conjuration/Poison/Air       3
 L - a book of Power

   Spells                             Type                      Level
   a - Fulminant Prism                Conjuration/Hexes            4
   b - Iskenderun's Mystic Blast      Conjuration                  4
   c - Venom Bolt                     Conjuration/Poison           5
   d - Bolt of Magma                  Conjuration/Fire/Earth       5
   e - Iron Shot                      Conjuration/Earth            6
   f - Orb of Destruction             Conjuration                  7
   g - Spellforged Servitor           Conjuration/Summoning        7
Comestibles
 d - 10 bread rations
 D - 2 fruits
 E - a royal jelly
 F - a meat ration
 N - a beef jerky


   Skills:
 - Level 8.2 Fighting
 - Level 2.0 Armour
 - Level 2.1 Dodging
 - Level 11.0 Unarmed Combat
 - Level 2.0 Spellcasting
 + Level 7.4 Transmutations
 + Level 2.4 Ice Magic
 - Level 3.1 Poison Magic


You couldn't memorise any spells.
You knew the following spells:

 Your Spells              Type           Power        Failure   Level  Hunger
a - Beastly Appendage     Tmut           #####.       3%          1    None
b - Spider Form           Tmut/Pois      ####......   12%         3    ###....
c - Blade Hands           Tmut           #####.....   36%         5    ######.
d - Ice Form              Ice/Tmut       ####....     36%         4    ####...


Dungeon Overview and Level Annotations

Branches:
Dungeon (11/15)            Temple (0/1) D:6
   Lair: D:8-11         Orc: D:9-12

Altars:
Ashenzari
Cheibriados
Dithmenos
Elyvilon
Fedhas
Nemelex Xobeh
Uskayaw

Shops:
D:6 (   D:7 *

Annotations:
D:3 edgar's ghost, amateur DrTm


Innate Abilities, Weirdness & Mutations

You cannot wear boots.
((Your serpentine skin is tough. (AC +3)))
You have supernaturally acute eyesight. (SInv)
((Armour fits poorly on your strangely shaped body.))
((Your system is resistant to poisons. (rPois)))
((You cover ground very slowly.))
You have a slow metabolism.
You can spit poison.


Message History

Casting: Ice Form
Confirm with . or Enter, or press ? or * to list all spells.
You turn into a venomous arachnid creature.
Your +0 robe of magic resistance melds into your body.
You feel less resistant to hostile enchantments.
The orc shouts!
The seven-headed hydra closely misses you.
The seven-headed hydra bites you!! The seven-headed hydra bites you! x2
The seven-headed hydra barely misses you.
The seven-headed hydra completely misses you.
The seven-headed hydra barely misses you.
You barely miss the seven-headed hydra. The orc closely misses you.
The seven-headed hydra closely misses you.
The seven-headed hydra bites you! x2
* * * LOW HITPOINT WARNING * * *
The seven-headed hydra bites you!
* * * LOW HITPOINT WARNING * * *
The seven-headed hydra closely misses you.
The seven-headed hydra bites you!
You die...

#.#........###....#.
#.###....#.###....#
#.###.#...........#
#.....#..#<###.. .#
#######..###..... #
.........#...#...
.....###........
.....##.....##..
.........s#...$#
#+###.#.^D#.####
#..#.o# .
##...........
#.............
#/......}.....
#.............
#.............
#....####$....


You could see a seven-headed hydra and an orc.

Vanquished Creatures
  Pikel (D:6)
  Psyche (D:10)
  A hornet (D:8)
  A hippogriff (D:7)
  A spriggan (D:7)
  A hungry ghost (D:9)
  Menkaure (D:7)
  3 water moccasins
  Duvessa (D:7)
  2 ice beasts
  An orc warrior (D:11)
  A hornet zombie (D:9)
  A sky beast (D:7)
  3 ogres
  2 phantoms (D:5)
  3 centaurs
  A big kobold (D:8)
  9 bullfrogs
  Dowan (D:7)
  2 scorpions
  14 killer bees
  5 wights (D:9)
  5 howler monkeys
  4 crimson imps
  A quasit (D:6)
  6 hounds
  A jelly (D:5)
  5 orc priests
  6 orc wizards
  2 bullfrog skeletons
  Jessica (D:3)
  3 iguanas
  2 worker ants
  10 adders
  A howler monkey skeleton (D:9)
  2 shadow imps
  An ooze (D:3)
  2 adder skeletons
  An adder zombie (D:4)
  4 worms
  2 dart slugs
  4 leopard geckos
  30 orcs
  5 giant cockroaches
  8 goblins
  5 hobgoblins
  3 jackals (D:2)
  2 quokkas
  A ball python (D:2)
  4 bats
  8 frilled lizards
  14 kobolds
  A leopard gecko skeleton (D:6)
  11 rats
211 creatures vanquished.

Vanquished Creatures (others)
  A slave (D:7)
  A jelly (D:7)
  An orc priest (D:7)
  An orc wizard (D:7)
  A worker ant zombie (D:7)
  A shadow imp (D:7)
  An adder zombie (D:7)
  An orc (D:7)
8 creatures vanquished.

Grand Total: 219 creatures vanquished

Notes
Turn   | Place    | Note
-------+----------+-------------------------------------------
     0 | D:1      | miragecloak the Naga Transmuter began the quest for the Orb.
     0 | D:1      | Reached XP level 1. HP: 18/18 MP: 3/3
   190 | D:1      | Reached XP level 2. HP: 25/25 MP: 1/5
   887 | D:2      | Reached XP level 3. HP: 19/31 MP: 4/6
  1331 | D:2      | Learned a level 3 spell: Spider Form
  1377 | D:2      | Reached skill level 1 in Poison Magic
  1579 | D:2      | Reached XP level 4. HP: 35/38 MP: 7/7
  2068 | D:3      | Noticed edgar's ghost (amateur DrTm)
  2149 | D:3      | Found a snail-covered altar of Cheibriados.
  2787 | D:3      | Reached XP level 5. HP: 44/44 MP: 4/8
  2789 | D:3      | Noticed Jessica
  2800 | D:3      | Killed Jessica
  3080 | D:3      | Became a worshipper of Cheibriados the Contemplative
  3103 | D:4      | Reached skill level 4 in Unarmed Combat
  3214 | D:4      | Reached XP level 6. HP: 39/51 MP: 5/9
  3224 | D:4      | Reached skill level 5 in Unarmed Combat
  3631 | D:4      | Reached * piety under Cheibriados
  3631 | D:4      | Reached skill level 6 in Unarmed Combat
  3631 | D:4      | Reached XP level 7. HP: 33/57 MP: 6/10
  3928 | D:5      | Entered Level 5 of the Dungeon
  4034 | D:5      | Reached skill level 7 in Unarmed Combat
  4353 | D:5      | Reached skill level 8 in Unarmed Combat
  4739 | D:5      | Reached XP level 8. HP: 64/64 MP: 7/11
  5517 | D:6      | Found Igeujid's Weapon Shop.
  5524 | D:6      | Found a blossoming altar of Fedhas.
  5679 | D:6      | Found a sparkling altar of Nemelex Xobeh.
  5680 | D:6      | Found a hide-covered altar of Uskayaw.
  5680 | D:6      | Found a shadowy altar of Dithmenos.
  5683 | D:6      | Reached skill level 9 in Unarmed Combat
  5684 | D:6      | Found a shattered altar of Ashenzari.
  5807 | D:6      | Reached ** piety under Cheibriados
  6022 | D:6      | Found a staircase to the Ecumenical Temple.
  6219 | D:7      | Noticed Pikel
  6239 | D:6      | Killed Pikel
  6239 | D:6      | Reached skill level 5 in Fighting
  6239 | D:6      | Reached skill level 10 in Unarmed Combat
  6239 | D:6      | Reached XP level 9. HP: 31/81 MP: 8/12
  6507 | D:7      | Noticed Duvessa
  6507 | D:7      | Noticed Dowan
  6514 | D:7      | Killed Duvessa
  6520 | D:7      | Killed Dowan
  6691 | D:7      | Found Qumogent's Assorted Antiques.
  6748 | D:7      | Noticed Menkaure
  6753 | D:7      | Killed Menkaure
  6872 | D:7      | Reached *** piety under Cheibriados
  7021 | D:7      | Reached skill level 11 in Unarmed Combat
  7021 | D:7      | Reached XP level 10. HP: 76/94 MP: 9/13
  7042 | D:7      | Found a white marble altar of Elyvilon.
  7417 | D:7      | Reached skill level 1 in Armour
  7514 | D:8      | Paralysed by a hornet for 1 turns
  8736 | D:9      | Reached skill level 5 in Transmutations
  8757 | D:9      | Reached **** piety under Cheibriados
  9071 | D:9      | Learned a level 5 spell: Blade Hands
  9076 | D:9      | Learned a level 4 spell: Ice Form
  9117 | D:9      | Reached skill level 1 in Ice Magic
  9224 | D:9      | You fall through a shaft for 2 floors!
  9231 | D:10     | Entered Level 10 of the Dungeon
  9261 | D:10     | Noticed Psyche
  9272 | D:10     | Killed Psyche
  9462 | D:11     | Reached ***** piety under Cheibriados
  9523 | D:11     | Noticed a seven-headed hydra
  9529 | D:11     | Slain by a seven-headed hydra

Skill      XL: |  1  2  3  4  5  6  7  8  9 10 |
---------------+-------------------------------+-----
Transmutations | 3 4 7 |  7.4
Poison Magic   | 1 3 |  3.1
Unarmed Combat | 4 6 8 10 11 | 11.0
Fighting       | 5 7 8 |  8.2
Armour         | 2 |  2.0
Dodging        | 2 |  2.1
Ice Magic      | 2 |  2.4
Spellcasting   | |  2.0

Action                   |  1- 3 |  4- 6 |  7- 9 | 10-12 || total
-------------------------+-------+-------+-------+-------++-------
Melee: Unarmed           |   121 |   180 |   208 |   165 ||   674
       Headbutt          |    15 |     4 |       |       ||    19
       Punch             |       |       |     1 |       ||     1
 Cast: Beastly Appendage |    24 |     6 |       |       ||    30
       Spider Form       |       |    20 |    43 |    25 ||    88
       Ice Form          |       |       |       |     1 ||     1
 Abil: Spit Poison       |     4 |     3 |     6 |     2 ||    15
  Use: Scroll            |       |       |     3 |     2 ||     5
       Potion            |       |       |       |     2 ||     2
 Stab: Sleeping          |     1 |       |     2 |     1 ||     4
  Eat: Chunk             |     2 |     8 |     7 |     9 ||    26
       Meat ration       |       |       |     1 |       ||     1
Armor: Robe              |    16 |    21 |     2 |     4 ||    43
       Skin              |       |    10 |     8 |    12 ||    30
Dodge: Dodged            |    70 |   139 |   181 |   232 ||   622
